 Dungeon Crawl Stone Soup version 0.29.1-12-g30fa7ad0bf (webtiles) character file.

Game seed: 10473183528583342614

847 ChadusMaximus the Covered (level 7, -1/64 HPs)
             Began as a Minotaur Fighter on Dec 14, 2022.
             Slain by a yak (9 damage)
             ... on level 6 of the Dungeon on Dec 15, 2022.
             The game lasted 00:07:02 (5072 turns).

ChadusMaximus the Covered (Minotaur Fighter)        Turns: 5072, Time: 00:07:03

Health: -1/64      AC: 16    Str: 23    XL:     7   Next: 68%
Magic:  6/6        EV:  9    Int:  5    God:
Gold:   284        SH:  5    Dex:  9    Spells: 6/6 levels left

rFire   . . .      SeeInvis .   a - +0 war axe
rCold   + . .      Faith    .   c - +0 buckler
rNeg    . . .      Spirit   .   x - +7 Kryia's mail coat {PotionHeal*2 rC+}
rPois   .          Reflect  .   (helmet restricted)
rElec   .          Harm     .   (no cloak)
rCorr   .          Rampage  .   (no gloves)
Will    .....                   g - +0 pair of boots
Stlth   ..........              (no amulet)
HPRegen 0.20/turn               (no ring)
MPRegen 0.10/turn               (no ring)

@: no status effects
A: horns 2, retaliatory headbutt
a: no special abilities


You were on level 6 of the Dungeon.
You visited 1 branch of the dungeon, and saw 6 of its levels.

You collected 284 gold pieces.

Inventory:

Hand Weapons
 a - a +0 war axe (weapon)
Missiles
 b - 4 boomerangs (quivered)
Armour
 c - a +0 buckler (worn)
 g - a +0 pair of boots (worn)
 x - the +7 Kryia's mail coat (worn) {PotionHeal*2 rC+}
   (You found it on level 4 of the Dungeon)

   Potions are twice as effective at healing its wearer.
   rC:        It protects you from cold.
 y - a +0 tower shield
Jewellery
 m - a +6 ring of dexterity
 q - an amulet of magic regeneration
Wands
 n - a wand of charming (9)
 t - a wand of roots (9)
 w - a wand of mindburst (17)
Scrolls
 e - 3 scrolls of identify {unknown}
 h - 4 scrolls of immolation {unknown}
 i - a scroll of summoning {unknown}
 k - a scroll of teleportation {unknown}
 l - 4 scrolls of fear {unknown}
 p - 2 scrolls of vulnerability {unknown}
 r - 3 scrolls of enchant armour {unknown}
 u - a scroll of brand weapon {unknown}
Potions
 d - a potion of might
 f - a potion of brilliance {unknown}
 j - a potion of resistance {unknown}
 o - 5 potions of curing {unknown}
 s - 2 potions of degeneration {unknown}
 v - a potion of heal wounds {unknown}
 z - 2 potions of attraction {unknown}


   Skills:
 + Level 6.3 Fighting
 + Level 5.6 Axes
 + Level 6.4 Armour
 + Level 6.3 Shields


You had 6 spell levels left.
You didn't know any spells.
Your spell library contained the following spells:

 Spells                   Type           Power      Damage    Failure   Level
 Slow                     Hex            0%         N/A       85%         1
 Ensorcelled Hibernation  Hex/Ice        0%         N/A       94%         2
 Passwall                 Tmut/Erth      0%         N/A       94%         2
 Confusing Touch          Hex            0%         N/A       99%         3
 Portal Projectile        Hex/Tloc       0%         N/A       99%         3
 Swiftness                Air            0%         N/A       99%         3
 Tukima's Dance           Hex            0%         N/A       99%         3
 Vampiric Draining        Necr           0%         2d6       99%         3
 Blade Hands              Tmut           0%         N/A       100%        5


Dungeon Overview and Level Annotations

Branches:
Dungeon (6/15)             Temple (0/1) D:6

Altars:
Makhleb
Nemelex Xobeh
Wu Jian
Xom


Innate Abilities, Weirdness & Mutations

You have a pair of horns on your head.
You reflexively headbutt those who attack you in melee.


Message History

You hit the orc wizard. You barely miss the iguana. You hit the yak.
You hit the yak but do no damage. You slash the yak! The yak gores you.
The orc wizard hits you but does no damage.
You block the iguana's attack. The yak gores you.
You closely miss the yak.
The yak is heavily wounded.
You hit the yak. You barely miss the yak. You hit the yak.
You hit the orc but do no damage. You hit the orc wizard.
You hit the iguana but do no damage. You hit the yak.
The iguana completely misses you. The orc wizard casts a spell at you.
The puff of flame misses you.
The puff of flame hits the iguana!
The iguana dies!
The yak barely misses you. The yak gores you but does no damage.
The orc hits you but does no damage. The yak gores you but does no damage.
You block the yak's attack.
You hit the yak. You headbutt the yak!
The yak is severely wounded.
You barely miss the yak. You hit the orc.
You kill the orc!
You barely miss the orc wizard. You hit the yak. x3
The orc wizard points at you and mumbles some strange words.
The magic dart hits you but does no damage.
The yak gores you!
* * * LOW HITPOINT WARNING * * *
You block the yak's attack. The yak closely misses you. The yak gores you.
* * * LOW HITPOINT WARNING * * *
The yak completely misses you. You furiously retaliate!
You headbutt the yak! You slash the yak!
You kill the yak!
You barely miss the yak. You slash the yak! You hit the yak.
You hit the orc wizard. You hit the yak.
You kill the yak!
You block the orc wizard's attack. The yak gores you.
* * * LOW HITPOINT WARNING * * *
The yak gores you.
* * * LOW HITPOINT WARNING * * *
The yak closely misses you. You block the orc wizard's attack.
The yak gores you!
You die...

...............
.(..>..........
...............
....#........##
.............
#...........
#...........
###..YoY....[.
#....Y@†......
...#..)†Y......
.....#.........
...............
...........##..
...........##..
.###...........
##.........>


You could see 4 yaks and an orc wizard.

Vanquished Creatures
  2 yaks (D:6)
  Edmund (D:5)
  2 ogres
  A phantom (D:4)
  A necrophage (D:5)
  A scorpion (D:4)
  A crimson imp (D:3)
  A hound (D:5)
  Jessica (D:2)
  An orc wizard (D:5)
  Robin (D:2)
  A gnoll (D:1)
  7 adders
  An ufetubus (D:5)
  3 worms
  11 dart slugs
  6 orcs
  6 bats
  10 endoplasms
  2 giant cockroaches
  19 goblins
  11 hobgoblins
  12 jackals
  4 quokkas
  8 ball pythons
  A frilled lizard (D:3)
  5 kobolds
  5 rats
125 creatures vanquished.

Vanquished Creatures (others)
  An iguana (D:6)
1 creature vanquished.

Grand Total: 126 creatures vanquished

Notes
Turn   | Place    | Note
-------+----------+-------------------------------------------
     0 | D:1      | ChadusMaximus the Minotaur Fighter began the quest for the
                  | Orb.
     0 | D:1      | Reached XP level 1. HP: 19/19 MP: 0/0
   265 | D:1      | Reached XP level 2. HP: 24/27 MP: 1/1
   438 | D:1      | Found a faded altar of an unknown god.
   500 | D:1      | Reached XP level 3. HP: 19/33 MP: 2/2
  1261 | D:2      | Noticed Jessica
  1269 | D:2      | Killed Jessica
  1270 | D:2      | Reached XP level 4. HP: 34/41 MP: 3/3
  1276 | D:2      | Noticed Robin
  1295 | D:2      | Killed Robin
  1624 | D:2      | Reached XP level 5. HP: 43/47 MP: 4/4
  2481 | D:3      | Found a burning altar of Makhleb.
  2481 | D:3      | Found a shimmering altar of Xom.
  3188 | D:4      | Reached skill level 5 in Armour
  3243 | D:4      | Reached skill level 5 in Fighting
  3291 | D:4      | Reached skill level 5 in Shields
  3425 | D:4      | Noticed a phantom
  3435 | D:4      | Killed a phantom
  3436 | D:4      | Reached XP level 6. HP: 54/56 MP: 5/5
  3508 | D:4      | Found the +7 Kryia's mail coat {PotionHeal*2 rC+}
  4097 | D:5      | Entered Level 5 of the Dungeon
  4100 | D:5      | Found a sparkling altar of Nemelex Xobeh.
  4104 | D:5      | Found an ornate altar of the Wu Jian Council.
  4145 | D:5      | Reached skill level 5 in Axes
  4145 | D:5      | Reached XP level 7. HP: 62/62 MP: 6/6
  4249 | D:5      | Noticed Edmund
  4261 | D:5      | Killed Edmund
  5056 | D:6      | Noticed a yak
  5056 | D:6      | Found a staircase to the Ecumenical Temple.
  5057 | D:6      | Noticed a yak
  5057 | D:6      | Noticed a yak
  5058 | D:6      | Noticed a yak
  5060 | D:6      | Noticed a yak
  5060 | D:6      | Noticed a yak
  5072 | D:6      | Killed a yak
  5072 | D:6      | Killed a yak
  5072 | D:6      | Slain by a yak

Illustrated notes

Levels and vault maps discovered:
D:1:      minmay_arrival_widening_spiral_narrow, layout_loops_ring,
          shapermc_ecumenical_altar_starsandcircs, st_stairs_10, nrook_uturn,
          minmay_pentomino_r2
D:2:      layout_basic, uniq_jessica, uniq_robin
D:3:      kennysheep_slugbush, layout_basic,
          grunt_temple_overflow_champion_of_chaos
D:4:      layout_cave_pools, palyth_stone_intersect, kennysheep_small_spiral
D:5:      layout_cave_pools, mainiacjoe_overflow_catwalk_spiral,
          minmay_misc_feat_tower, uniq_edmund
D:6:      layout_rooms, mainiacjoe_overflow_alcove_3,
          minmay_temple_entry_stoned_glass

Skill      XL: |  1  2  3  4  5  6  7 |
---------------+----------------------+-----
Fighting       | 4 5 6 |  6.3
Armour         | 4 5 6 |  6.4
Shields        | 4 5 6 |  6.3
Axes           | 3 4 5 |  5.6

Action                   |  1- 3 |  4- 6 |  7- 9 || total
-------------------------+-------+-------+-------++-------
Melee: War axe           |    85 |   148 |    36 ||   269
       Headbutt          |     9 |    22 |     9 ||    40
Armor: Scale mail        |    56 |    86 |    23 ||   165
Dodge: Dodged            |    39 |    89 |    18 ||   146
Block: Buckler           |    16 |    38 |    18 ||    72
